Map: Ruins of Seras

Players

SaintForce - Winner!

  • Race: Protoss Protoss
  • League: Bronze

HzVee

  • Race: Protoss Protoss
  • League: Bronze

VOD

Have the link to the VOD?

Description

Time

  • Played on: Oct. 28, 2015, 8:40 a.m.
  • Length: 7:30
Show
View Real Time Build Order
Export as new Build Order

SaintForce Protoss - Winner!

Build Orders:  

Get SALT Encoding   

  12  0:01  Probe (Chrono Boost)  
  13  0:11  Probe (Chrono Boost)  
  14  0:19  Pylon  
  14  0:24  Probe (Chrono Boost)  
  15  0:38  Probe (Chrono Boost)  
  15  0:40  Gateway  
  16  0:48  Probe (Chrono Boost)  
  17  0:52  Assimilator  
  17  0:59  Probe (Chrono Boost)  
  18  1:07  Forge  
  18  1:10  Probe (Chrono Boost)  
  19  1:28  Cybernetics Core  
  19  1:33  Pylon  
  19  1:37  Probe (Chrono Boost)  
  20  1:40  Assimilator  
  20  1:48  Probe (Chrono Boost)  
  20  1:50  Photon Cannon  
  21  1:59  Probe (Chrono Boost)  
  22  2:05  Warp Gate (Chrono Boost)  
  22  2:10  Stalker  
  22  2:13  Probe (Chrono Boost)  
  25  2:28  Robotics Facility  
  25  2:34  Pylon  
  25  2:43  Stalker  
  27  2:50  Pylon  
  27  2:52  Mothership Core  
  28  3:21  Photon Cannon  
  28  3:22  Immortal  
  32  3:29  Gateway  
  32  3:39  Pylon  
  32  3:43  Protoss Ground Weapons Level 1 (Chrono Boost)  
  32  4:01  Immortal (Chrono Boost)  
  36  4:11  Stalker  
  38  4:20  Gateway  
  38  4:33  Probe  
  38  4:35  Stalker  
  41  4:47  Immortal (Chrono Boost)  
  45  4:57  Gateway  
  45  5:21  Observer (Chrono Boost)  
  46  5:23  Stalker  
  46  5:24  Stalker  
  46  5:25  Stalker  
  52  5:43  Pylon  
  52  5:49  Stalker  
  54  5:58  Pylon  
  54  6:02  Pylon  
  54  6:06  Stalker  
  56  6:15  Stalker  
  56  6:18  Stalker  
  60  6:34  Stalker x2  
  64  6:47  Pylon  
  64  7:12  Stalker x3  
Show
View Real Time Build Order
Export as new Build Order

HzVee Protoss 

Build Orders: Blink Stalkers 

Get SALT Encoding   

  12  0:02  Probe (Chrono Boost)  
  13  0:13  Probe (Chrono Boost)  
  14  0:21  Pylon  
  14  0:26  Probe (Chrono Boost)  
  15  0:39  Probe (Chrono Boost)  
  16  0:43  Gateway  
  16  0:46  Assimilator  
  16  0:50  Probe (Chrono Boost)  
  17  1:00  Probe (Chrono Boost)  
  18  1:06  Gateway  
  19  1:11  Probe (Chrono Boost)  
  19  1:22  Probe (Chrono Boost)  
  20  1:26  Assimilator  
  20  1:32  Probe (Chrono Boost)  
  21  1:33  Pylon  
  21  1:41  Zealot (Chrono Boost)  
  23  1:48  Cybernetics Core  
  23  1:51  Probe  
  24  2:00  Pylon  
  24  2:10  Probe  
  25  2:22  Probe  
  26  2:25  Warp Gate (Chrono Boost)  
  26  2:32  Twilight Council  
  26  2:34  Probe  
  27  2:40  Stalker  
  29  2:47  Mothership Core  
  29  2:48  Stalker  
  33  3:15  Robotics Facility  
  33  3:18  Forge  
  33  3:42  Nexus  
  33  3:45  Blink (Chrono Boost)  
  33  3:54  Pylon  
  33  3:59  Pylon  
  33  4:16  Stalker x2  
  37  4:20  Probe  
  37  4:22  Protoss Ground Weapons Level 1 (Chrono Boost)  
  38  4:25  Observer  
  39  4:32  Probe  
  40  4:41  Stalker x2  
  44  4:54  Probe  
  45  5:05  Probe  
  46  5:11  Stalker x2  
  50  5:15  Probe  
  50  5:19  Assimilator  
  51  5:26  Probe  
  51  5:28  Immortal  
  56  5:35  Pylon  
  56  5:36  Probe  
  57  5:47  Probe  
  58  5:58  Stalker x2, Probe  
  63  6:07  Immortal  
  63  6:08  Probe  
  67  6:19  Probe  
  68  6:26  Gateway  
  68  6:28  Gateway  
  68  6:29  Probe  
  68  6:30  Pylon  
  69  6:40  Probe  
  69  6:47  Observer  
  71  6:50  Probe  
  72  7:01  Probe  
  68  7:07  Stalker x2  
Tags
 
Composition
Blink Stalkers
Matchup
PvP
Replay Pack
HzVee P1
Add a new tag
Caveats
  • Supply blocks, unpowered buildings, or Contaminate may cause inaccurate times.
  • Supply counts are checked every 10 seconds.